 Dungeon Crawl Stone Soup version 0.26.1-11-gd32895ea62 (webtiles) character file.

Game seed: 12098874269542437623

594243 dtburroughs the Slayer (level 26, -3/240 (251) HPs)
             Began as a Minotaur Berserker on June 19, 2021.
             Was a High Priest of Trog.
             Slain by a tentacled monstrosity (9 damage)
             ... on level 2 of the Realm of Zot on June 20, 2021.
             The game lasted 05:59:22 (96392 turns).

dtburroughs the Slayer (Minotaur Berserker)        Turns: 96392, Time: 05:59:23

HP:   -3/240 (251)  AC: 35    Str: 25    XL:     26   Next: 30%
MP:   4/22          EV: 17    Int:  4    God:    Trog [*****.]
Gold: 4895          SH: 36    Dex: 16    Spells: 25/25 levels left

rFire    + + +     SeeInvis .   S - +9 broad axe (vorpal)
rCold    + + +     Faith    .   y - +9 tower shield of Hozxa {rF- rC++}
rNeg     + . .     Spirit   .   P - +7 plate armour {Will+}
rPois    +         Reflect  +   (helmet restricted)
rElec    .         Harm     .   A - scarf {rC+ rF+}
rCorr    +         Rampage  .   F - +2 pair of gloves
Will     +++++                  O - +2 pair of boots
Stlth    ..........             Y - amulet "Nigu" {Reflect rF+ SH+5}
HPRegen  1.50/turn              l - ring of Muimyn {rPois rF++ rN+ rCorr Int-3}
MPRegen  0.18/turn              T - ring of willpower

@: regenerating, slowed, constricted, lightly drained, very slow
A: retaliatory headbutt, horns 2, blurry vision 1, subdued magic 1
}: 3/15 runes: barnacled, silver, gossamer
a: Renounce Religion, Berserk, Trog's Hand, Brothers in Arms


You were on level 2 of the Realm of Zot.
You worshipped Trog.
Trog was extremely pleased with you.
You visited 9 branches of the dungeon, and saw 46 of its levels.

You collected 9124 gold pieces.
You spent 4229 gold pieces at shops.

Inventory:

Hand Weapons
 h - a +1 battleaxe of electrocution
 o - a +7 antimagic eveningstar
 w - the +1 executioner's axe of the Butterfly {flame, rF- Will+ Str+7 Stlth+}
   (Trog gifted it to you on level 1 of the Lair of Beasts)

   It has been specially enchanted to burn those struck by it, causing extra
   injury to most foes and up to half again as much damage against particularly
   susceptible opponents.
   Big, fiery blades are also staple armaments of hydra-hunters.
   It affects your strength (+7).
   It makes you vulnerable to fire.
   It affects your willpower, your defense against some magical effects.
   It makes you more stealthy.
 S - a +9 vorpal broad axe (weapon)
Armour
 y - the +9 tower shield of Hozxa (worn) {rF- rC++}
   (You found it on level 6 of the Lair of Beasts)

   It makes you vulnerable to fire.
   It greatly protects you from cold.
 A - a scarf of resistance (worn)
 F - a +2 pair of gloves (worn)
 O - a +2 pair of boots (worn)
 P - a +7 plate armour of willpower (worn)
Jewellery
 d - the ring of Moderation {Fire rElec Str+4}
   (You found it on level 4 of the Depths)

   [ring of fire]

   It enhances your fire magic.
   It affects your strength (+4).
   It protects you from fire.
   It makes you vulnerable to cold.
   It insulates you from electricity.
 l - the ring of Muimyn (left hand) {rPois rF++ rN+ rCorr Int-3}
   (You bought it in a shop on level 1 of the Shoals)

   [ring of resist corrosion]

   It affects your intelligence (-3).
   It greatly protects you from fire.
   It protects you from poison.
   It protects you from negative energy.
   It provides partial protection from all sources of acid and corrosion.
 p - the amulet of Keprias {+Blink rN+ Will+ Regen+}
   (You took it off a deep elf mage on level 3 of the Elven Halls)

   [amulet of regeneration]

   It protects you from negative energy.
   It affects your willpower, your defense against some magical effects.
   It lets you blink.
   It increases your rate of regeneration.
 T - a ring of willpower (right hand)
 Y - the amulet "Nigu" (around neck) {Reflect rF+ SH+5}
   (You took it off a deep elf mage on level 5 of the Vaults)

   [amulet of reflection]

   It shields you and reflects attacks.
   It protects you from fire.
   It affects your SH (+5).
Wands
 a - a wand of polymorph (17)
 i - a wand of digging (17)
 v - a wand of disintegration (40)
 K - a wand of enslavement (32)
 N - a wand of flame (29)
Scrolls
 c - a scroll of enchant weapon
 e - 19 scrolls of teleportation
 f - 7 scrolls of fear
 g - 3 scrolls of blinking
 j - 12 scrolls of fog
 m - 15 scrolls of magic mapping
 r - 16 scrolls of remove curse
 z - 5 scrolls of summoning
 D - a scroll of holy word
 I - 11 scrolls of identify
 J - 3 scrolls of immolation
Potions
 b - 3 potions of magic
 k - 8 potions of lignification
 n - 6 potions of flight
 s - 27 potions of curing
 t - 6 potions of mutation
 x - 12 potions of attraction
 B - 2 potions of resistance
 E - 7 potions of might
 G - 17 potions of ambrosia
 R - 3 potions of invisibility
 U - 2 potions of heal wounds
 V - 3 potions of haste
Miscellaneous
 q - a lightning rod (4/4)
 u - a box of beasts
 H - a condenser vane
 M - a tin of tremorstones (2/2)
 X - a phantom mirror


   Skills:
 + Level 23.4 Fighting
 - Level 21.2(23.0) Axes
 * Level 16.7(20.9) Maces & Flails
 + Level 23.3 Armour
 + Level 21.7 Dodging
 * Level 16.7 Shields
 - Level 16.1 Evocations


You had 25 spell levels left.
You didn't know any spells.
Your spell library was empty.

Dungeon Overview and Level Annotations

Branches:
Dungeon (15/15)            Temple (0/1) D:4            Lair (6/6) D:11
 Shoals (4/4) Lair:4       Spider (4/4) Lair:3        Slime (0/5) Lair:5
    Orc (2/2) D:10            Elf (3/3) Orc:2        Vaults (5/5) D:13
  Crypt (0/3) Vaults:2     Depths (5/5) D:15            Zot (2/5) Depths:5

Altars:
Elyvilon
Fedhas
Gozag
Hepliaklqana
Nemelex Xobeh
Ru
Xom
The Shining One
Beogh

Shops:
D:4 *   D:8 }   D:10 *   D:11 }   D:15 (   Orc:1 [[!*   Orc:2 [!(?   Elf:1 *
Elf:3 [?(***   Shoals:1 =   Shoals:2 ?   Shoals:4 [*:   Vaults:2 [
Vaults:3 }[!**   Depths:4 (   Depths:5 =

Portals:
Hell: Depths:1 Depths:2 Depths:3 Depths:4 Depths:5
Abyss: Depths:2 Depths:4
Pandemonium: Depths:3 Depths:4
Ziggurat: Depths:3

Annotations:
D:6 3 runed translucent doors, Patoropollo's ghost, novice DECj
Elf:1 1 runed translucent door, Zeld's ghost, adept DDFi
Depths:4 1 runed translucent door, Fuethyel's ghost, adept NaFi


Innate Abilities, Weirdness & Mutations

You reflexively headbutt those who attack you in melee.
You have a pair of horns on your head.
Scrolls take you a little longer to read.
Your spells are a little easier to cast, but a little less powerful.


Message History

The shadow dragon barely misses you. x2
The death cob hits you but does no damage.
The quicksilver dragon rages.
You block the death cob's attack.
The tentacled monstrosity tentacle-slaps you but does no damage.
You block the tentacled monstrosity's attack.
The tentacled monstrosity completely misses you.
The tentacled monstrosity tentacle-slaps you but does no damage.
The tentacled monstrosity closely misses you.
The tentacled monstrosity tentacle-slaps you.
* * * LOW HITPOINT WARNING * * *
The death cob barely misses you. You furiously retaliate!
You headbutt the death cob!!
Flame seeps out of the death cob.
The shadow dragon bites you.
* * * LOW HITPOINT WARNING * * *
You partially resist.
You feel drained.
The shadow dragon claws you but does no damage.
You block the shadow dragon's attack.
The tentacled monstrosity tentacle-slaps you but does no damage. x3
You die...

X#.........#
##...........
##............
.#..........$..
......yDD......
#y.y.dDDy>...
#..DXzz8y....
#..dX@zDq....
.....yXXDq<....
.##...DDy......
#............
d.q...........
q###..........#
#.#.###..###
#.#. ..#


You could see 3 shadow dragons, 5 tentacled monstrosities, 2 golden dragons, 3
storm dragons, a green draconian (berserk, inner flame), a purple draconian
(inner flame), a white draconian (berserk, inner flame), a green draconian
shifter, 3 death cobs, a quicksilver dragon (berserk, inner flame), a purple
draconian stormcaller (inner flame), a yellow draconian annihilator (inner
flame), a red draconian scorcher (inner flame) and 7 moths of wrath.

Vanquished Creatures
  An orb of fire (Zot:1)
  2 ancient liches (Vaults:5)
  Mennas (Depths:4)
  Bai Suzhen (Spider:4)
  Xtahua (Vaults:5)
  5 caustic shrikes
  5 golden dragons
  Jory (Vaults:4)
  11 tentacled monstrosities
  Rupert (D:13)
  3 deep elf blademasters (Elf:3)
  2 deep elf master archers (Elf:3)
  2 quicksilver dragons
  8 titans
  A kraken (Shoals:3)
  2 liches
  Frances (D:13)
  2 death cobs (Zot:1)
  8 tengu reavers
  10 storm dragons
  5 shadow dragons
  Roxanne (Spider:1)
  9 sphinxes
  Agnes (D:14)
  A fenstrider witch (Vaults:3)
  Kirke (Lair:4)
  3 draconian monks (Zot:1)
  13 fire giants
  Ilsuiw (Shoals:2)
  14 frost giants
  2 ghost moths (Spider:4)
  A draconian scorcher (Depths:5)
  3 orc warlords
  2 emperor scorpions (Spider:2)
  4 iron dragons
  6 deep elf sorcerers
  Louise (Shoals:1)
  Aizul (Depths:2)
  A draconian stormcaller (Depths:5)
  4 deep elf elementalists
  14 vault wardens
  29 very ugly things
  17 ironheart preservers
  6 draconian annihilators (Zot:1)
  3 spriggan defenders
  A caustic shrike skeleton (Depths:1)
  21 stone giants
  5 vampire knights
  A lorocyproca (Depths:3)
  3 green draconians (Zot:1)
  7 deep elf demonologists
  5 deep elf annihilators
  4 yellow draconians
  A black draconian (Zot:1)
  5 entropy weavers
  5 purple draconians
  2 red draconians (Zot:1)
  2 pale draconians (Depths:5)
  5 white draconians
  7 spark wasps
  2 merfolk javelineers
  A crystal guardian (Vaults:5)
  16 ettins
  10 deep elf death magi
  An ettin (shapeshifter) (Vaults:4)
  8 deep elf high priests
  A merfolk impaler (Shoals:4)
  12 fire dragons
  12 yaktaur captains
  Harold (D:7)
  Josephine (D:14)
  20 ogre magi
  5 great orbs of eyes
  5 hydras
  14 ice dragons
  31 vault guards
  21 boulder beetles
  2 merfolk avatars
  4 rakshasas
  5 centaur warriors
  6 spriggan air magi
  A hell beast (Depths:1)
  3 merfolk aquamancers
  An anaconda (shapeshifter) (Depths:3)
  2 catoblepae
  2 alligator snapping turtles
  26 dancing weapons
  3 death knights
  57 two-headed ogres
  3 satyrs
  9 orc high priests
  12 deep troll earth magi
  A death yak (shapeshifter) (Depths:4)
  7 deep troll shamans
  8 tengu warriors
  13 death yaks
  4 spriggan berserkers
  5 hell knights
  2 soul eaters
  20 deep elf knights
  A fire crab (shapeshifter) (Depths:1)
  2 fire crabs
  12 sea snakes
  A shadow wraith (Vaults:1)
  A small abomination (Elf:3)
  An iron troll (Depths:3)
  3 unseen horrors
  A sea snake (shapeshifter) (Vaults:5)
  32 deep trolls
  4 flayed ghosts
  6 glowing orange brains
  3 wizards
  17 deep elf archers
  15 ironbrand convokers
  Pikel (D:8)
  8 phantasmal warriors
  3 lindwurms (shapeshifter)
  21 orb spiders
  28 harpies
  3 oklob plants (Lair:5)
  29 wolf spiders
  A tengu zombie (Vaults:5)
  A human zombie (Vaults:5)
  A wolf spider zombie (D:15)
  A stone giant zombie (Vaults:2)
  6 orc sorcerers
  9 necromancers
  12 orc knights
  6 manticores
  66 deep elf magi
  8 cyclopes
  48 ugly things
  A salamander (shapeshifter) (Vaults:1)
  2 fauns (shapeshifter)
  2 stone giant skeletons
  7 moths of wrath
  An elephant (Vaults:5)
  A rust devil (Depths:1)
  8 fauns
  2 water nymphs
  4 centaur zombies
  9 merfolk sirens
  19 vault sentinels
  Psyche (D:9)
  2 torpor snails
  Maggie (D:9)
  14 cane toads
  8 black mambas
  15 rime drakes
  2 gargoyles
  12 komodo dragons
  58 yaktaurs
  A kobold demonologist (D:13)
  A rime drake (shapeshifter) (Vaults:1)
  An ice devil (Depths:3)
  14 demonic crawlers
  4 yaktaurs (shapeshifter)
  6 freezing wraiths
  11 trolls
  2 human skeletons
  19 merfolk
  A queen bee (Spider:4)
  Prince Ribbit (D:7)
  5 polar bears
  A jumping spider (shapeshifter) (Vaults:3)
  12 hornets
  3 meliai (Spider:4)
  2 red devils
  A wind drake (shapeshifter) (D:12)
  39 jumping spiders
  3 wind drakes
  A tengu simulacrum (Vaults:2)
  A tyrant leech (shapeshifter) (Vaults:5)
  Grinder (D:3)
  12 dream sheep
  27 slime creatures
  A fire dragon zombie (Depths:1)
  8 snapping turtles
  12 blink frogs
  A blink frog (shapeshifter) (Depths:2)
  A fire giant simulacrum (Depths:1)
  107 redbacks
  5 air elementals
  17 spriggans
  7 wyverns
  A tarantella (shapeshifter) (Depths:2)
  A wyvern (shapeshifter) (Vaults:3)
  4 vampires
  14 water elementals
  2 shadows
  An ettin skeleton (Vaults:5)
  11 wraiths
  43 tarantellas
  A fire elemental (Elf:2)
  78 yaks
  2 basilisks
  2 humans (shapeshifter)
  12 steam dragons
  2 yaktaur simulacra
  2 golden eyes (shapeshifter)
  A hog (Shoals:1)
  A chaos spawn (Depths:3)
  2 vampire mosquitoes (D:14)
  A human simulacrum (Vaults:2)
  12 wargs
  A soldier ant (D:12)
  An acid dragon (shapeshifter) (Vaults:1)
  6 acid dragons
  A soldier ant (shapeshifter) (D:15)
  2 floating eyes (shapeshifter)
  17 water moccasins
  4 large abominations (Elf:1)
  2 phantoms
  A meliai simulacrum (D:15)
  5 ice beasts
  29 orc warriors
  An eye of draining (shapeshifter) (D:14)
  6 sky beasts
  10 black bears
  2 eyes of draining
  2 ettin simulacra
  39 ogres
  An ogre (shapeshifter) (Vaults:1)
  16 centaurs
  39 wolves
  20 boggarts
  2 big kobolds (shapeshifter) (Vaults:3)
  2 elf simulacra
  2 lemures (D:8)
  5 big kobolds
  2 elf zombies (Elf:1)
  20 bullfrogs
  A wyvern zombie (D:15)
  6 earth elementals
  A wyvern skeleton (D:14)
  A scorpion (shapeshifter) (Depths:4)
  8 scorpions
  23 killer bees (Spider:4)
  17 wights
  3 electric eels
  3 howler monkeys
  4 crimson imps
  A bullfrog zombie (D:10)
  9 centaur skeletons
  10 hounds
  20 jellies
  39 orc priests
  3 bullfrog skeletons
  An iron imp (Depths:3)
  22 orc wizards
  4 iguanas
  12 worker ants
  A hound skeleton (D:5)
  4 gnolls (Orc:2)
  A howler monkey skeleton (D:8)
  14 adders
  5 shadow imps
  5 white imps
  4 ufetubi
  15 oozes
  5 worms
  6 leopard geckos
  117 orcs
  8 giant cockroaches
  4 goblins
  3 hobgoblins
  9 jackals
  8 quokkas
  2 ball pythons
  14 bats
  4 frilled lizards
  30 kobolds
  A leopard gecko zombie (D:7)
  A quokka skeleton (D:6)
  7 rats
  5 crawling corpses (Elf:3)
  4 tentacles (Shoals:3)
2386 creatures vanquished.

Vanquished Creatures (collateral kills)
  A caustic shrike (Depths:3)
  A deep elf blademaster (Elf:3)
  A sphinx (Vaults:3)
  A shadow dragon (Zot:1)
  A tengu reaver (Depths:3)
  2 fire giants (Depths:3)
  3 emperor scorpions (Spider:4)
  2 ghost moths (Spider:4)
  A curse skull (Vaults:2)
  3 very ugly things
  A black draconian (Zot:1)
  2 white draconians (Zot:1)
  A yellow draconian (Zot:1)
  An entropy weaver (Spider:4)
  A merfolk impaler (Shoals:1)
  A deep elf high priest (Elf:3)
  2 ice dragons (Vaults:3)
  2 yaktaur captains (Vaults:3)
  A spriggan air mage (Depths:4)
  A boulder beetle (Vaults:3)
  A death knight (Vaults:1)
  A two-headed ogre (Vaults:3)
  A dancing weapon (Vaults:5)
  3 deep troll earth magi
  An orc high priest (Orc:2)
  Sonja (Lair:5)
  A storm dragon zombie (Vaults:4)
  2 flayed ghosts
  4 deep trolls
  4 ironbrand convokers
  2 wolf spiders
  An orb spider (Spider:4)
  A deep elf mage (Depths:3)
  An elephant (D:11)
  A cyclops (D:11)
  A vault sentinel (Vaults:5)
  2 water nymphs
  A cane toad (shapeshifter) (Depths:4)
  A demonic crawler (Spider:4)
  3 yaktaurs
  2 merfolk (Shoals:1)
  3 hornets (Spider:4)
  A stone giant simulacrum (Vaults:3)
  A snapping turtle (Shoals:1)
  5 redbacks (Spider:4)
  A vampire (D:11)
  A yak (Lair:5)
  A tarantella (Spider:4)
  A basilisk (D:11)
  A yaktaur simulacrum (Vaults:4)
  Menkaure (D:7)
  A warg (Orc:2)
  An ice beast (D:7)
  An ogre (Vaults:1)
  An orc warrior (Vaults:5)
  A black bear (D:11)
  2 orcs
87 creatures vanquished.

Vanquished Creatures (others)
  2 eldritch tentacles (Depths:4)
  An ice dragon (Depths:5)
  A hell knight (Depths:5)
  A deep elf knight (Elf:2)
  An unseen horror (D:12)
  An orb spider (Spider:4)
  2 redbacks
  A human (Shoals:1)
  A boggart (Depths:1)
  A bush (Lair:6)
  80 fungi
  296 plants
  5 tentacles (Shoals:3)
393 creatures vanquished.

Grand Total: 2866 creatures vanquished

Notes
Turn   | Place    | Note
-------+----------+-------------------------------------------
     0 | D:1      | dtburroughs the Minotaur Berserker began the quest for the
                  | Orb.
     0 | D:1      | Reached XP level 1. HP: 19/19 MP: 0/0
   277 | D:1      | Reached XP level 2. HP: 27/27 MP: 1/1
  1056 | D:2      | Reached XP level 3. HP: 29/33 MP: 2/2
  1582 | D:2      | Reached ** piety under Trog
  2179 | D:2      | Reached XP level 4. HP: 21/41 MP: 3/3
  2583 | D:3      | Noticed Grinder
  2587 | D:3      | Paralysed by Grinder for 2 turns
  2598 | D:3      | Killed Grinder
  2599 | D:3      | Reached skill level 5 in Fighting
  2599 | D:3      | Reached skill level 5 in Axes
  2599 | D:3      | Reached XP level 5. HP: 22/48 MP: 4/4
  2599 | D:3      | Reached XP level 6. HP: 26/56 MP: 5/5
  4002 | D:4      | Reached skill level 5 in Armour
  4002 | D:4      | Reached XP level 7. HP: 48/62 MP: 6/6
  4600 | D:4      | Reached skill level 5 in Dodging
  4663 | D:4      | Reached *** piety under Trog
  4705 | D:4      | Found a staircase to the Ecumenical Temple.
  4785 | D:4      | Found Kuihuppylu's Lightly-Used Armoury.
  5069 | D:5      | Entered Level 5 of the Dungeon
  5251 | D:5      | Reached XP level 8. HP: 45/71 MP: 7/7
  6973 | D:6      | Reached **** piety under Trog
  7024 | D:6      | Reached XP level 9. HP: 73/81 MP: 8/8
  7269 | D:6      | Found a runed translucent gate.
  7270 | D:6      | Found a runed translucent gate.
  7271 | D:6      | Found an opulent altar of Gozag.
  7271 | D:6      | Found a runed translucent gate.
  7272 | D:6      | Noticed Patoropollo's ghost (novice DECj)
  7272 | D:6      | Noticed a skeletal warrior
  7457 | D:7      | Noticed Prince Ribbit
  7461 | D:7      | Noticed Harold
  7489 | D:7      | Killed Harold
  8065 | D:7      | Noticed Menkaure
  8076 | D:7      | Killed Menkaure
  8163 | D:7      | Reached skill level 1 in Evocations
  8174 | D:7      | Killed Prince Ribbit
  9045 | D:8      | Reached XP level 10. HP: 87/91 MP: 9/9
  9260 | D:8      | Noticed Pikel
  9266 | D:8      | Killed Pikel
  9454 | D:8      | Found Norostol's Gadget Emporium.
  9714 | D:8      | Noticed a two-headed ogre
  9724 | D:8      | Killed a two-headed ogre
 10020 | D:8      | Found a sacrificial altar of Ru.
 10356 | D:9      | Reached skill level 10 in Axes
 10409 | D:9      | Noticed Maggie
 10415 | D:9      | Killed Maggie
 10416 | D:9      | Reached skill level 10 in Fighting
 10487 | D:9      | Noticed a two-headed ogre
 10499 | D:9      | Killed a two-headed ogre
 10600 | D:9      | Noticed a two-headed ogre
 10613 | D:9      | Killed a two-headed ogre
 10614 | D:9      | Reached skill level 10 in Armour
 10886 | D:9      | Reached XP level 11. HP: 101/101 MP: 10/10
 10909 | D:9      | Got a crude cloak
 10921 | D:9      | Identified the +1 cloak "Adoaf" {Int+2} (You found it on
                  | level 9 of the Dungeon)
 10948 | D:9      | Noticed a two-headed ogre
 10953 | D:9      | Killed a two-headed ogre
 11166 | D:9      | Noticed Psyche
 11169 | D:9      | Killed Psyche
 11554 | D:9      | Found a sparkling altar of Nemelex Xobeh.
 11657 | D:10     | Entered Level 10 of the Dungeon
 12414 | D:10     | Reached skill level 5 in Evocations
 12421 | D:10     | Reached ***** piety under Trog
 12618 | D:10     | Noticed a two-headed ogre
 12623 | D:10     | Killed a two-headed ogre
 12624 | D:10     | Reached skill level 10 in Dodging
 13096 | D:10     | Found a staircase to the Orcish Mines.
 13330 | D:10     | Found Qysops's Assorted Antiques.
 13759 | D:11     | Noticed a boulder beetle
 13768 | D:11     | Reached XP level 12. HP: 92/110 MP: 11/11
 13774 | D:11     | Killed a boulder beetle
 13918 | D:11     | Found a staircase to the Lair.
 14227 | D:11     | Noticed a centaur warrior
 14243 | D:11     | Killed a centaur warrior
 14312 | D:11     | Found a glowing golden altar of the Shining One.
 14448 | D:11     | Noticed a boulder beetle
 14449 | D:11     | Found Nisimneugg's Gadget Shop.
 14484 | D:11     | Killed a boulder beetle
 14607 | D:11     | Found a white marble altar of Elyvilon.
 14836 | D:12     | Noticed a boulder beetle
 14845 | D:12     | Killed a boulder beetle
 15581 | D:12     | Noticed a four-headed hydra
 15584 | D:12     | Noticed a boulder beetle
 15607 | D:12     | Killed a four-headed hydra
 15686 | D:12     | Killed a boulder beetle
 16202 | D:13     | Noticed a two-headed ogre
 16211 | D:13     | Killed a two-headed ogre
 16303 | Lair:1   | Entered Level 1 of the Lair of Beasts
 16310 | Lair:1   | Reached XP level 13. HP: 87/119 MP: 12/12
 16814 | Lair:1   | Found a shimmering altar of Xom.
 17092 | Lair:1   | Received a gift from Trog
 17126 | Lair:1   | Got an ancient executioner's axe {god gift}
 17132 | Lair:1   | Identified the +1 executioner's axe of the Butterfly
                  | {flame, rF- Will+ Str+7 Stlth+} (Trog gifted it to you on
                  | level 1 of the Lair of Beasts)
 18589 | Lair:3   | Got a bound tin amulet
 18893 | Lair:3   | Found a hole to the Spider Nest.
 19111 | Lair:3   | Identified the amulet "Orukylimi" {Acrobat rPois Int+3}
                  | (You found it on level 3 of the Lair of Beasts)
 19501 | Lair:3   | You fall into a shaft and drop 3 floors!
 19501 | Lair:6   | Entered Level 6 of the Lair of Beasts
 19525 | Lair:5   | Noticed Sonja
 19538 | Lair:5   | Killed Sonja
 20115 | Lair:5   | Received a gift from Trog
 20135 | Lair:5   | Reached XP level 14. HP: 60/130 MP: 13/13
 20971 | Lair:4   | Found a staircase to the Shoals.
 23197 | Lair:5   | Found a staircase to the Slime Pits.
 23723 | Lair:6   | Received a gift from Trog
 25351 | Lair:6   | Reached XP level 15. HP: 129/139 MP: 14/14
 25730 | Lair:6   | Reached skill level 10 in Evocations
 26096 | Lair:6   | Reached skill level 15 in Fighting
 26474 | Lair:5   | Reached skill level 15 in Axes
 26478 | Lair:5   | Got a smoking halberd
 26944 | D:13     | Noticed Rupert
 26956 | D:13     | Killed Rupert
 27107 | D:13     | Noticed a tengu reaver
 27480 | D:13     | Killed a tengu reaver
 27550 | D:13     | Reached skill level 15 in Armour
 27755 | D:13     | Noticed Frances
 27778 | D:13     | Killed Frances
 27952 | D:13     | Noticed a fire giant
 27970 | D:13     | Killed a fire giant
 28688 | D:13     | Found a hazy altar of Hepliaklqana.
 29378 | D:13     | Found a gate to the Vaults.
 29600 | D:14     | Noticed Agnes
 29608 | D:14     | Killed Agnes
 29753 | D:14     | Found a blossoming altar of Fedhas.
 29941 | D:14     | Noticed Josephine
 29941 | D:14     | Identified the +1 quarterstaff of the Beginning {freeze,
                  | Dex+4}
 29957 | D:14     | Killed Josephine
 29957 | D:14     | Received a gift from Trog
 30129 | D:14     | Reached XP level 16. HP: 109/150 MP: 15/15
 30330 | D:14     | Found the +6 shillelagh "Devastator" {shatter}
 30652 | D:15     | Entered Level 15 of the Dungeon
 30740 | D:15     | Found Huenlyuter's Antique Weapon Emporium.
 30959 | D:15     | Found a staircase to the Depths.
 32488 | Orc:1    | Entered Level 1 of the Orcish Mines
 32524 | Orc:1    | Found Inych's Antique Armour Shoppe.
 32622 | Orc:1    | Reached ****** piety under Trog
 32643 | Orc:1    | Found Acaqeosk's Assorted Antiques.
 32678 | Orc:1    | Received a gift from Trog
 32731 | Orc:1    | Reached skill level 15 in Dodging
 32810 | Orc:1    | Got a translucent chain mail
 32932 | Orc:1    | Found Giv Cefi's Armour Boutique.
 32954 | Orc:1    | Found Touxt's Distillery.
 33077 | Orc:2    | Entered Level 2 of the Orcish Mines
 33088 | Orc:2    | Identified the +4 chain mail of Huropsit {-Cast Int+6} (You
                  | found it on level 1 of the Orcish Mines)
 33180 | Orc:2    | Found Xinier's Magic Scroll Boutique.
 33550 | Orc:1    | Bought a scarf of resistance for 448 gold pieces
 34500 | Orc:2    | Found Dawapufyi's Distillery.
 34500 | Orc:2    | Found Vogeokho's Antique Armour Shoppe.
 34643 | Orc:2    | Found Wofuczierph's Weapon Shoppe.
 34689 | Orc:2    | Found a roughly hewn altar of Beogh.
 34705 | Orc:2    | Found a staircase to the Elven Halls.
 35068 | Spider:1 | Entered Level 1 of the Spider Nest
 35077 | Spider:1 | Received a gift from Trog
 36728 | Spider:1 | Noticed Roxanne
 36802 | Spider:1 | Reached XP level 17. HP: 160/160 MP: 16/16
 36848 | Spider:1 | Killed Roxanne
 37048 | Spider:1 | Received a gift from Trog
 37939 | Spider:2 | You fall into a shaft and drop 1 floor!
 40752 | Spider:3 | Received a gift from Trog
 41546 | Spider:4 | Entered Level 4 of the Spider Nest
 43232 | Spider:4 | Received a gift from Trog
 43827 | Spider:4 | Noticed Bai Suzhen
 43840 | Spider:4 | Killed Bai Suzhen
 43876 | Spider:4 | Reached XP level 18. HP: 140/170 MP: 17/17
 44993 | Spider:4 | Got a gossamer rune of Zot
 45346 | Shoals:1 | Entered Level 1 of the Shoals
 45356 | Shoals:1 | Noticed Louise
 45376 | Shoals:1 | Killed Louise
 45383 | Shoals:1 | Noticed Kirke
 45399 | Lair:4   | Killed Kirke
 45589 | Shoals:1 | Found Dekloxouma's Jewellery Boutique.
 45597 | Shoals:1 | Bought the ring of Muimyn {rPois rF++ rN+ rCorr Int-3} for
                  | 559 gold pieces
 45750 | Shoals:1 | Received a gift from Trog
 46572 | Shoals:2 | Found Xuelezim's Magic Scroll Emporium.
 48251 | Shoals:2 | Noticed Ilsuiw
 48305 | Shoals:2 | Killed Ilsuiw
 49593 | Shoals:3 | Received a gift from Trog
 50707 | Shoals:4 | Entered Level 4 of the Shoals
 51042 | Shoals:4 | Reached XP level 19. HP: 169/180 MP: 18/18
 51049 | Shoals:4 | Got a barnacled rune of Zot
 51062 | Shoals:4 | Found Sirghe's Book Emporium.
 51107 | Shoals:4 | Found Muczuhan's General Store.
 51160 | Shoals:4 | Found Emuanihu's Armour Shop.
 51333 | Shoals:4 | Got a coiled copper ring
 51964 | Lair:1   | Identified the ring of the Catamount {rN+ Str+3} (You found
                  | it on level 4 of the Shoals)
 52077 | Vaults:1 | Entered Level 1 of the Vaults
 52304 | Shoals:1 | Bought an uncursed amulet of reflection for 360 gold pieces
 53564 | Vaults:1 | Received a gift from Trog
 53657 | Vaults:1 | Noticed a Tzitzimitl
 54668 | Vaults:1 | Found the +7 sceptre of Torment {pain, torment}
 55158 | Orc:2    | Bought a scroll of blinking for 120 gold pieces
 55158 | Orc:2    | Bought a scroll of fog for 32 gold pieces
 55158 | Orc:2    | Bought 3 scrolls of teleportation for 144 gold pieces
 55189 | Orc:2    | Bought a potion of curing for 30 gold pieces
 55189 | Orc:2    | Bought a potion of haste for 100 gold pieces
 55189 | Orc:2    | Bought a potion of heal wounds for 50 gold pieces
 55240 | Orc:1    | Bought a potion of curing for 84 gold pieces
 55240 | Orc:1    | Bought a potion of curing for 84 gold pieces
 55240 | Orc:1    | Bought a potion of heal wounds for 140 gold pieces
 55240 | Orc:1    | Bought a potion of curing for 84 gold pieces
 55310 | D:10     | Bought a potion of heal wounds for 115 gold pieces
 56197 | Vaults:1 | Received a gift from Trog
 57474 | Vaults:2 | Found Siuhusur's Antique Armour Shoppe.
 58860 | Vaults:2 | Reached XP level 20. HP: 160/190 MP: 19/19
 59082 | Vaults:2 | Found a staircase to the Crypt.
 59208 | Vaults:3 | Received a gift from Trog
 59617 | Vaults:3 | HP: 3/191 [yaktaur captain/bolt (32)]
 60156 | Vaults:3 | Found Ymawkat's Distillery.
 61129 | Vaults:3 | Found Janwel's General Store.
 61130 | Vaults:3 | Bought a potion of heal wounds for 90 gold pieces
 61130 | Vaults:3 | Bought a potion of haste for 180 gold pieces
 61130 | Vaults:3 | Bought a potion of curing for 54 gold pieces
 61142 | Vaults:3 | Bought a scroll of summoning for 104 gold pieces
 61142 | Vaults:3 | Bought a scroll of summoning for 104 gold pieces
 61151 | Vaults:3 | Found Uqiuz's Armour Shop.
 61395 | Vaults:3 | Received a gift from Trog
 62123 | Vaults:3 | Found Quexke Daa's Gadget Boutique.
 62704 | Vaults:3 | Found Qyck's General Store.
 62930 | Vaults:4 | Got a spiked plate armour
 63257 | Vaults:3 | Bought a scroll of identify for 22 gold pieces
 63263 | Vaults:3 | Identified the +1 plate armour "Leomaamess" {Str+3} (You
                  | found it on level 4 of the Vaults)
 64360 | Vaults:4 | Reached skill level 15 in Evocations
 65149 | Vaults:4 | Reached XP level 21. HP: 201/201 MP: 20/20
 65308 | Vaults:4 | Noticed Jory
 65319 | Vaults:4 | Killed Jory
 66262 | Vaults:4 | Found a huge runed gate.
 66262 | Vaults:4 | Found a huge runed gate.
 66262 | Vaults:4 | Found a huge runed gate.
 66262 | Vaults:4 | Found a huge runed gate.
 66262 | Vaults:4 | Found a huge runed gate.
 66262 | Vaults:4 | Found a huge runed gate.
 66263 | Vaults:4 | Found a huge runed gate.
 66263 | Vaults:4 | Found a huge runed gate.
 66263 | Vaults:4 | Found a huge runed gate.
 66263 | Vaults:4 | Found a huge runed gate.
 66296 | Vaults:4 | Found a huge runed gate.
 66296 | Vaults:4 | Found a huge runed gate.
 66296 | Vaults:4 | Found a huge runed gate.
 66296 | Vaults:4 | Found a huge runed gate.
 66296 | Vaults:4 | Found a huge runed gate.
 68092 | Lair:6   | Got a polished tower shield
 68371 | Lair:1   | Identified the +9 tower shield of Hozxa {rF- rC++} (You
                  | found it on level 6 of the Lair of Beasts)
 68548 | Elf:1    | Entered Level 1 of the Elven Halls
 68835 | Elf:1    | Found Nobiha's General Store.
 68843 | Elf:1    | Bought a scroll of enchant armour for 105 gold pieces
 68843 | Elf:1    | Bought a potion of heal wounds for 70 gold pieces
 68843 | Elf:1    | Bought 2 scrolls of summoning for 266 gold pieces
 69343 | Elf:1    | Found a runed translucent door.
 69345 | Elf:1    | Noticed Zeld's ghost (adept DDFi)
 70313 | Elf:2    | Found a runed translucent gate.
 70313 | Elf:2    | Found a runed translucent gate.
 70319 | Elf:2    | Found a runed translucent gate.
 70509 | Elf:2    | Received a gift from Trog
 71351 | Elf:3    | Entered Level 3 of the Elven Halls
 71510 | Elf:3    | Found Hovecyeg's Assorted Antiques.
 71518 | Elf:3    | Bought 2 potions of curing for 204 gold pieces
 71518 | Elf:3    | Bought a scroll of identify for 68 gold pieces
 71527 | Elf:3    | Found Boamiyq's Assorted Antiques.
 71535 | Elf:3    | Bought a scroll of blinking for 255 gold pieces
 71535 | Elf:3    | Bought a scroll of teleportation for 102 gold pieces
 71535 | Elf:3    | Bought a scroll of blinking for 255 gold pieces
 71556 | Elf:3    | Received a gift from Trog
 71724 | Elf:3    | Found Kargheaz's Assorted Antiques.
 71736 | Elf:3    | Found Janwae's Antique Weapon Boutique.
 71736 | Elf:3    | Found Yxzua's Magic Scroll Shop.
 71741 | Elf:3    | Found Ogynonukag's Antique Armour Shop.
 72092 | Elf:3    | Reached XP level 22. HP: 210/211 MP: 21/21
 72955 | Elf:3    | Gained mutation: Scrolls take you a little longer to read.
                  | [a neqoxec]
 74227 | Elf:3    | Identified the cursed +0 leather armour of Elackuer {Dex+2
                  | Stlth+}
 74227 | Elf:3    | Identified the amulet of Keprias {+Blink rN+ Will+ Regen+}
 74375 | Elf:3    | Identified the Almanac of Dislocated Necromancy
 74977 | Lair:1   | Identified a scroll of acquirement
 74981 | Lair:1   | Acquired 545 gold pieces
 75087 | Depths:1 | Entered Level 1 of the Depths
 75361 | Depths:1 | Found a gateway to Hell.
 75834 | Depths:1 | Received a gift from Trog
 76188 | Depths:1 | Found a runed translucent door.
 76535 | Depths:1 | Found a roughly hewn altar of Beogh.
 76749 | Depths:2 | Reached skill level 1 in Maces & Flails
 76749 | Depths:2 | Reached skill level 1 in Shields
 77512 | Depths:2 | Received a gift from Trog
 78016 | Depths:2 | Found a one-way gate to the infinite horrors of the Abyss.
 78074 | Depths:2 | Reached skill level 5 in Maces & Flails
 78074 | Depths:2 | Reached skill level 5 in Shields
 78277 | Depths:2 | Noticed Aizul
 78290 | Depths:2 | Killed Aizul
 78652 | Depths:2 | You fall into a shaft and drop 1 floor!
 78660 | Depths:3 | Reached XP level 23. HP: 203/221 MP: 22/22
 78785 | Depths:3 | Got an ichor-stained mace
 79051 | Depths:2 | Found the amulet of the Air {Inacc +Fly rElec EV+5 RMsl}
 79183 | Depths:2 | Received a gift from Trog
 79269 | Depths:2 | Identified the cursed +1 mace of Gozag's Inspiration
                  | {vorpal, rPois Will+ Str-2} (You found it on level 3 of the
                  | Depths)
 79273 | Depths:2 | Got a steaming brass amulet
 79276 | Depths:2 | Identified the amulet of Zixzirawn {Faith Str+3} (You found
                  | it on level 2 of the Depths)
 79722 | Depths:3 | Paralysed by a floating eye for 2 turns
 79772 | Depths:3 | Noticed an ancient lich
 80074 | Depths:3 | Found a gateway to a ziggurat.
 80322 | Depths:3 | Noticed a caustic shrike
 80328 | Depths:3 | Noticed a caustic shrike
 80330 | Depths:3 | Noticed a caustic shrike
 80334 | Depths:3 | Noticed a caustic shrike
 80338 | Depths:3 | Noticed a caustic shrike
 80766 | Depths:3 | You fall into a shaft and drop 2 floors!
 80766 | Depths:5 | Entered Level 5 of the Depths
 80797 | Depths:4 | Noticed Mennas
 80830 | Depths:4 | Killed Mennas
 81250 | Depths:3 | Killed a caustic shrike
 81251 | Depths:3 | Reached skill level 10 in Shields
 81267 | Depths:3 | Killed a caustic shrike
 81268 | Depths:3 | Reached skill level 10 in Maces & Flails
 81270 | Depths:3 | Killed a caustic shrike
 81281 | Depths:3 | Killed a caustic shrike
 81483 | Depths:3 | Killed a caustic shrike
 81644 | Depths:3 | Found a one-way gate leading to the halls of Pandemonium.
 81917 | Depths:4 | Found Besch's Antique Weapon Shoppe.
 82204 | Depths:3 | Reached XP level 24. HP: 181/219 MP: 22/22
 83018 | Depths:4 | Received a gift from Trog
 83272 | Depths:4 | Found a sacrificial altar of Ru.
 84615 | Depths:4 | Found a runed translucent door.
 84622 | Depths:4 | Noticed Fuethyel's ghost (adept NaFi)
 84855 | Depths:4 | Got an ancient lead ring
 84858 | Depths:4 | Identified the ring of Moderation {Fire rElec Str+4} (You
                  | found it on level 4 of the Depths)
 85237 | Depths:5 | Found Avoa's Jewellery Shoppe.
 85587 | Depths:5 | Received a gift from Trog
 86889 | Depths:5 | Found a gate to the Realm of Zot.
 88769 | Vaults:5 | Entered Level 5 of the Vaults
 89152 | Vaults:5 | Received a gift from Trog
 89154 | Vaults:5 | Reached XP level 25. HP: 227/240 MP: 22/22
 89531 | Vaults:5 | Noticed Xtahua
 89911 | Vaults:5 | Killed Xtahua
 90037 | Vaults:5 | Received a gift from Trog
 90221 | Vaults:5 | Got a scorched battleaxe {god gift}
 90265 | Vaults:5 | Identified the ring of the Prince of Darkness {AC+4 Slay+4}
 90871 | Vaults:5 | Identified the +9 mace "Xom's Full Attention" {antimagic,
                  | rN+ Dex-3 Stlth+}
 90871 | Vaults:5 | Identified the amulet of Ikkoa {Spirit Fragile Will+ Str+3
                  | Int+2}
 91218 | Vaults:5 | Noticed an ancient lich
 91259 | Vaults:5 | Killed an ancient lich
 91260 | Vaults:5 | Reached skill level 15 in Shields
 91270 | Vaults:5 | Received a gift from Trog
 91276 | Vaults:5 | Reached skill level 15 in Maces & Flails
 92213 | Vaults:5 | Identified the amulet "Nigu" {Reflect rF+ SH+5}
 92350 | Vaults:5 | Noticed an ancient lich
 92358 | Vaults:5 | Killed an ancient lich
 92627 | Vaults:5 | Noticed an ancient lich
 93172 | Vaults:5 | Identified the +3 battleaxe of Excruciating Pain {vorpal,
                  | Int+6} (Trog gifted it to you on level 5 of the Vaults)
 93181 | Vaults:5 | Got a silver rune of Zot
 93439 | Lair:1   | Acquired the +14 obsidian axe {vorpal, +Fly SInv *Curse}
 93439 | Lair:1   | Found the +14 obsidian axe {vorpal, +Fly SInv *Curse}
 93723 | Zot:1    | Entered Level 1 of the Realm of Zot
 93734 | Zot:1    | Received a gift from Trog
 94174 | Zot:1    | Reached XP level 26. HP: 185/251 MP: 22/22
 95423 | Zot:1    | Noticed an orb of fire
 95425 | Zot:1    | Gained mutation: Your spells are a little easier to cast,
                  | but a little less powerful. [an orb of fire]
 95447 | Zot:1    | Killed an orb of fire
 95641 | Zot:1    | Identified the +6 broad axe "Beefofys" {pain, *Corrode
                  | +Rage Dex+2 Stlth+}
 96391 | Zot:2    | HP: 3/241 [purple draconian stormcaller/divine providence
                  | (11)]
 96392 | Zot:2    | Slain by a tentacled monstrosity

Illustrated notes

Levels and vault maps discovered:
D:1:      dpeg_arrival_tiny_c, layout_basic, bh_walls_and_bars
D:2:      layout_loops_corners
D:3:      layout_rooms, hangedman_decor_growths, uniq_grinder
D:4:      layout_loops_ring, minmay_temple_entry_statues, minmay_shop_damaged
D:5:      layout_gridville
D:6:      layout_basic, ebering_ghost_gozag
D:7:      layout_basic, uniq_harold, uniq_prince_ribbit1, uniq_menkaure
D:8:      layout_basic, nicolae_ru_sacrificial_ziggurat, serial_shops,
          kennysheep_little_box, fountainhead, uniq_pikel
D:9:      layout_loops_corners, nemelex_dance_club_becter, uniq_maggie,
          uniq_psyche
D:10:     layout_basic, orc_0_dummy, serial_shops,
          nicolae_shop_overgrown_old_shop, kennysheep_kite_vault
D:11:     layout_loops_cross, david_lair_generic, serial_shops,
          nicolae_shop_behind_doors, hangedman_feature_mirror
D:12:     minmay_klotski, layout_irregular_city
D:13:     layout_irregular_city, david_vaults_5, basic_altar, st_stairs_12,
          minmay_checkered_concentric_circles, uniq_frances, uniq_rupert
D:14:     minmay_roctagon, layout_loops_ring, fedhas_altar_3, uniq_josephine,
          uniq_agnes
D:15:     grunt_enter_depths_giant_problem, layout_basic, serial_shops,
          nicolae_shop_competitors_out_of_business, chequers_arboretum,
          minmay_shattered_shrine
Lair:1:   lemuel_slime, layout_hall_layers, basic_altar,
          chequers_serial_rivers_micro_c
Lair:2:   layout_concentric_octagons
Lair:3:   nzn_winding_woodlands_small
          [nzn_winding_woodlands_5x15_pathside_ponds,
          nzn_winding_woodlands_center_pierced_h,
          nzn_winding_woodlands_5x15_pool], layout_chaotic_city,
          spider_nest_entry_web_field, kennysheep_catoblepas_arena,
          serial_bayou_shore_a, grunt_megastairs_3
Lair:4:   layout_gridlike, elwin_shoals_entry_stream, serial_bayou_pond_b
Lair:5:   layout_loops_ring, minmay_slime_entry_jelly_boxes,
          grunt_forest_stairs_clearing, grunt_megastairs_5,
          minmay_lair_oklob_chamber, uniq_sonja
Lair:6:   minmay_lair_end_enchanted_forest, layout_small_grid,
          bobbens_dragon_lair_wall, lemuel_fruit_tree
Shoals:1: layout_shoals, serial_shops, shop_fountains, uniq_kirke, uniq_louise
Shoals:2: layout_shoals, serial_shops, shop_coins,
          nicolae_shoals_dead_sea_scrolls, uniq_ilsuiw
Shoals:3: layout_shoals
Shoals:4: shoals_end_grunt_garden, layout_shoals, shoals_ilsuiw_ice,
          serial_shops, shop, nicolae_shop_waterfront, nicolae_shop_statue_plus,
          shop, nicolae_shop_temple_entry_statues_fountains,
          nicolae_shoals_wave_tunnel
Spider:1: layout_spider_delve, uniq_roxanne
Spider:2: layout_spider_delve, nicolae_spider_circle_web, drop_trap
Spider:3: layout_spider_delve, drop_trap, hangedman_spider_tarantella_strand
Spider:4: spider_rune_water, special_room [special_room_bee],
          nicolae_spider_cling_ruins, uniq_bai_suzhen
Orc:1:    layout_caves, serial_shops, nicolae_shop_crystal, shop,
          nicolae_shop_competitors_out_of_business, nicolae_shop_behind_doors,
          abandoned_shop, elf_legates
Orc:2:    st_orc_town, layout_diamond_mine
Elf:1:    eino_elf_arrival_the_gate, layout_geoelf_octagon, serial_shops, shop,
          ebering_ghost_reflecting_pool, minmay_elf_necromancy,
          grunt_ministairs_5
Elf:2:    layout_onion_city
Elf:3:    minmay_elf_hall_circle, layout_rooms, serial_shops,
          nicolae_shop_crystal, shop, grunt_megastairs_2, minmay_shoptagon
Vaults:1: vaults_dpeg_doors, v_alt_pattern_4, v_alt_pattern_5,
          vaults_room_ringed_pool, hangedman_vaults_trim,
          hangedman_vaults_locks, nicolae_vaults_windows_and_doors_thing,
          nicolae_vaults_ring_of_whatevers, nicolae_vaults_little_squares_1,
          vaults_mumra_minichess, nicolae_vaults_display_case, v_misc_10,
          ontoclasm_vaults_gateway, layout_vaults_maze_bifur
Vaults:2: vaults_room_pools, nicolae_vaults_little_squares_4,
          nicolae_vaults_halls_meeting, vaults_room_grid, v_rooms_5, v_misc_29,
          minmay_crypt_entry_simple_corners, vaults_room_fours,
          nicolae_vaults_mini_display_case, ontoclasm_vaults_fault,
          layout_vaults_omnigrid, serial_shops, nicolae_shop_overgrown_old_shop
Vaults:3: v_alt_pattern_6, grunt_vaults_diagonal, nicolae_vaults_big_ls,
          ontoclasm_vaults_ligature, nicolae_vaults_little_squares_4,
          nicolae_vaults_triangles, grunt_vaults_hallway_short, v_misc_19,
          vaults_dpeg_encased_lava, vaults_dpeg_spiral,
          nicolae_vaults_little_squares_1, vaults_standard_mumra_lines,
          v_misc_29, v_misc_9, layout_vaults_big_room, serial_shops,
          nicolae_shop_behind_doors, nicolae_shop_window_shopping, shop,
          nicolae_shop_stone, shop
Vaults:4: v_pattern_4, nicolae_vaults_border_crossing,
          nicolae_vaults_ring_of_whatevers, vaults_standard_mumra_x,
          hangedman_vaults_restitches, nicolae_vaults_specimen_jars,
          vaults_door_vault, v_misc_15, hangedman_vaults_corner,
          vaults_room_pool, hangedman_vaults_corner_blocks,
          hangedman_vaults_stretched_pinwheel, v_misc_15,
          nicolae_vaults_little_ls, layout_vaults_ring, uniq_jory
Vaults:5: serial_shops, uniq_xtahua
Depths:1: layout_roguey, serial_sigils, serial_sigils_hangedman_quiver,
          serial_sigils_hangedman_gut, serial_sigils_hangedman_shear,
          serial_sigils_hangedman_snap, grunt_mini_vestibule,
          hangedman_abyss_or_decor_lesser_grid, lightli_church_of_beogh
Depths:2: kennysheep_blocky_room, layout_basic, hangedman_geh_valley,
          abyss_entry, dk_noncrumbling_4, minmay_multi_spiral, uniq_aizul
Depths:3: cheibrodos_spurs, layout_cave_shapes, enter_ziggurat_d,
          grunt_pan_entry_spiral, hell_entry
Depths:4: minmay_spiral_squares, layout_basic, abyss_entry_small_statue_room,
          serial_shops, kennysheep_mini_moat, muffindrake_ghost_dead_mans_drink,
          lemuel_statue_altar, rand_demon_pan_entry_3, hell_entry, uniq_mennas
Depths:5: evilmike_zot_entry_gauntlet, layout_gridlike, abandoned_shop,
          serial_shops, shop_fountains, pf_coc_iceberg, serial_bayou_shore_b,
          serial_bayou_shore_b, uniq_margery
Zot:1:    layout_onion_interference, st_single_dragon_hoard_1,
          lemuel_lake_of_fire
Zot:2:    gammafunk_mikee_crab_dinner, layout_basic,
          ebering_ghost_disaster_area, evilmike_ambush
          [evilmike_ambush_outer_basic, evilmike_ambush_inner_pond]

Skill      XL: |  1  2  3  4  5  6  7  8  9 10 11 12 13 14 15 16 17 18 19 20 21 22 23 24 25 |
---------------+----------------------------------------------------------------------------+-----
Fighting       | 4 5 6 7 9 10 11 12 13 14 15 16 17 18 19 20 21 22 23 | 23.4
Axes           | 4 5 6 8 9 10 11 12 13 14 15 16 17 18 19 20 21 | 21.2
Armour         | 3 4 5 6 7 8 10 11 12 13 14 15 16 17 18 19 20 21 22 23 | 23.3
Dodging        | 3 4 5 6 8 9 10 11 12 13 14 15 16 17 18 19 20 21 | 21.7
Evocations     | 1 4 5 7 8 9 10 11 12 13 14 15 16 | 16.1
Maces & Flails | 5 10 13 16 | 16.7
Shields        | 5 10 13 16 | 16.7

Action                   |  1- 3 |  4- 6 |  7- 9 | 10-12 | 13-15 | 16-18 | 19-21 | 22-24 | 25-27 || total
-------------------------+-------+-------+-------+-------+-------+-------+-------+-------+-------++-------
Melee: Hand axe          |    98 |    84 |   257 |       |       |       |       |       |       ||   439
       Headbutt          |    15 |    21 |    73 |   100 |   230 |   333 |   437 |   458 |   188 ||  1855
       War axe           |       |       |    61 |       |       |       |       |       |       ||    61
       Battleaxe         |       |       |    49 |   258 |    14 |   215 |       |       |       ||   536
       Broad axe         |       |       |       |   296 |    73 |       |  1524 |  1633 |   549 ||  4075
       Mace              |       |       |       |     8 |       |       |       |       |       ||     8
       Executioner's axe |       |       |       |       |   861 |  1151 |    32 |       |       ||  2044
       Eveningstar       |       |       |       |       |       |       |       |       |    16 ||    16
Invok: Trog's Hand       |     1 |     2 |     4 |     7 |     6 |     6 |    11 |     9 |     6 ||    52
       Berserk           |       |     1 |     1 |       |     1 |     1 |       |       |       ||     4
       Brothers in Arms  |       |       |     1 |     1 |     5 |     8 |    13 |    14 |     3 ||    45
Evoke: Wand              |       |       |       |     5 |    19 |    92 |    24 |    14 |    35 ||   189
       Condenser vane    |       |       |       |       |       |     1 |     1 |     1 |     1 ||     4
       Phantom mirror    |       |       |       |       |       |       |       |     2 |     1 ||     3
  Use: Scroll            |       |       |     9 |     2 |    17 |    24 |    14 |    21 |     5 ||    92
       Potion            |       |       |       |       |     2 |     3 |    12 |     4 |     6 ||    27
 Stab: Paralysed         |       |       |       |     3 |     9 |     7 |     2 |       |       ||    21
       Petrified         |       |       |       |       |     1 |       |       |       |       ||     1
       Distracted        |       |       |       |       |       |     1 |     2 |     1 |     8 ||    12
Armor: Animal skin       |    16 |       |       |       |       |       |       |       |       ||    16
       Leather armour    |       |    22 |       |       |       |       |       |       |       ||    22
       Ring mail         |       |     7 |       |       |       |       |       |       |       ||     7
       Chain mail        |       |     5 |   142 |       |       |       |       |       |       ||   147
       Plate armour      |       |       |    42 |   282 |   510 |   991 |   574 |   426 |   186 ||  3011
Dodge: Dodged            |    78 |    69 |   154 |   421 |  1138 |  2179 |   426 |   398 |   212 ||  5075
Block: Kite shield       |       |       |       |    22 |    12 |       |       |       |       ||    34
       Tower shield      |       |       |       |       |       |       |  1283 |  1772 |   820 ||  3875
       Reflection        |       |       |       |       |       |       |   156 |   100 |    47 ||   303
